 Dungeon Crawl Stone Soup version 0.31-a0-331-geda263fcf1 (webtiles) character file.

Game seed: 12906935224299205544

109 LeprechaunX the Changeling (level 4, 0/30 HPs)
             Began as an Octopode Shapeshifter on July 19, 2023.
             Slain by an orc wizard
             ... wielding a +0 dagger
              (2 damage)
             ... on level 3 of the Dungeon.
             The game lasted 00:02:50 (2143 turns).

LeprechaunX the Changeling (Octopode Shapeshifter)  Turns: 2143, Time: 00:02:50

Health: 0/30       AC:  1    Str: 16    XL:     4   Next: 90%
Magic:  4/4        EV: 13    Int: 10    God:
Gold:   142        SH:  0    Dex: 12    Spells: 3/3 levels left

rFire   . .          .
                       - Unarmed
rCold   . . .        (no shield)
rNeg    . . .        (helmet currently unavailable)
rPois   .            (no amulet)
rElec   .            (no ring)
rCorr   .            (no ring)
SInv    .            (no ring)
Will    .....        (no ring)
Stlth   ++           (no ring)
HPRegen 0.25/turn    (no ring)
MPRegen 0.09/turn    (no ring)
                     (no ring)

%: no passive effects
@: beast-form
A: beast (slay +2), almost no armour, amphibious, 8 rings, camouflage 1,
gelatinous body 1, (nimble swimmer 1), tentacles
a: Begin Untransformation


You were on level 3 of the Dungeon.
You were a hulking beast.
You visited 1 branch of the dungeon, and saw 3 of its levels.

You collected 142 gold pieces.

Inventory:

Missiles
 h - 4 boomerangs (quivered)
Talismans
 b - a beast talisman
Scrolls
 d - a scroll of amnesia {unknown}
 e - a scroll of teleportation {unknown}
 g - a scroll of fear {unknown}
 k - a scroll of fog {unknown}
 l - a scroll of identify {unknown}
Potions
 a - a potion of lignification
 c - a potion of heal wounds {unknown}
 f - 2 potions of curing {unknown}
 i - 2 potions of mutation {unknown}
 j - a potion of berserk rage {unknown}


   Skills:
 + Level 2.6 Fighting
 + Level 2.6 Dodging
 * Level 3.2 Unarmed Combat
 * Level 3.7 Shapeshifting


You had 3 spell levels left.
You didn't know any spells.
Your spell library contained the following spells:

 Spells                   Type           Power      Damage    Failure   Level
 Call Canine Familiar     Summ           0%         N/A       75%         3
 Portal Projectile        Hex/Tloc       0%         N/A       75%         3
 Leda's Liquefaction      Hex/Erth       0%         N/A       98%         4


Dungeon Overview and Level Annotations

Branches:
Dungeon (3/15)

Altars:
Elyvilon

Annotations:
D:3 1 runed translucent door, hgbash's ghost, amateur TrSh


Innate Abilities, Weirdness & Mutations

You are a hulking beast.
Your limbs bulge with bestial killing power. (Slay +2)
You cannot wear most types of armour.
You are amphibious.
You can wear up to eight rings at the same time.
Your skin changes colour to match your surroundings (Stealth+).
Your rubbery body absorbs attacks. (AC +1, EV +1)
((You are camouflaged when in or above water. (Stealth+)))
You have tentacles for arms and can constrict up to eight enemies at once.


Message History

You constrict the orc.
You kill the orc!
You hear some strange, mumbled words.
Something tries to affect you, but you resist.
No target in view!
No target in view!
No target in view!
No target in view!
No target in view!
No target in view!
No target in view!
No target in view!
No target in view!
No target in view!
No target in view!
No target in view!
No target in view!
No target in view!
No target in view!
No target in view!
No target in view!
No target in view!
No target in view!
You closely miss something. Something hits you. Something barely misses you.
Something hits you.
Things that are here:
a +0 dagger; a +0 ring mail You hear some strange, mumbled words.
A puff of flame appears from out of thin air!
The puff of flame hits you!
Ouch! That really hurt!
* * * LOW HITPOINT WARNING * * *
You swing at nothing.
You hear some strange, mumbled words.
Something tries to affect you, but you resist.
You swing at nothing.
You tentacle-slap something but do no damage.
Something hits you.
You die...

############
###..........#
##.#.########.#
##.....# #.#
#......# #.#
##.....# #.#
..#######.#..# #.#
.......h{....# #.#
#.#######)##.# #.##
##.##.# #..#
#...#.# ##.#
#))...># ###.#
#.......# ##.#.#
#.........####....#
+.........+.......#
#...>.....####....#


There were no monsters in sight!

Vanquished Creatures
  3 adders
  A worm (D:2)
  3 dart slugs
  4 orcs (D:3)
  3 ball pythons
  4 endoplasms
  7 giant cockroaches
  5 goblins (D:1)
  2 hobgoblins
  7 jackals
  5 quokkas
  3 bats
  6 frilled lizards
  4 kobolds
  7 rats
64 creatures vanquished.

Notes
Turn   | Place    | Note
-------+----------+-------------------------------------------
     0 | D:1      | LeprechaunX the Octopode Shapeshifter began the quest for
                  | the Orb.
     0 | D:1      | Reached XP level 1. HP: 14/14 MP: 1/1
   201 | D:1      | Reached XP level 2. HP: 19/19 MP: 2/2
   408 | D:1      | Reached XP level 3. HP: 24/24 MP: 3/3
   594 | D:1      | Found a faded altar of an unknown god.
  1031 | D:2      | Reached XP level 4. HP: 23/30 MP: 4/4
  1582 | D:3      | Found a runed translucent door.
  1584 | D:3      | Noticed hgbash's ghost (amateur TrSh)
  1765 | D:3      | Found a white marble altar of Elyvilon.
  2139 | D:3      | HP: 1/30 [something/puff of flame (15)]
  2143 | D:3      | Slain by an orc wizard

Illustrated notes

Levels and vault maps discovered:
D:1:      amcnicky_arrival_choice, layout_loops_ring,
          shapermc_ecumenical_altar_mp_highgroup
D:2:      layout_loops_cross
D:3:      layout_loops_corners, old_standard_altar,
          nicolae_overflow_hidden_temple, ebering_ghost_reflecting_pool

Skill      XL: |  1  2  3  4 |
---------------+-------------+-----
Unarmed Combat | 3 |  3.2
Fighting       | |  2.6
Dodging        | |  2.6
Shapeshifting  | |  3.7

Action                     |  1- 3 |  4- 6 || total
---------------------------+-------+-------++-------
  Melee: Unarmed           |    64 |    44 ||   108
         Constrict         |    19 |    16 ||    35
         Tentacles         |    13 |     9 ||    22
         Punch             |       |     1 ||     1
   Stab: Sleeping          |     9 |     5 ||    14
 Armour: Skin              |     1 |     6 ||     7
  Dodge: Dodged            |    25 |    14 ||    39

Table legend: (Time is in decaauts)
 A = Elapsed time spent in this place.
 B = Non-inter-level travel time spent in this place.
 C = Inter-level travel time spent in this place.
 D = Time resting spent in this place.
 E = Time spent auto-exploring this place.
 F = Levels seen in this place.
 G = Mean time per level.
                   A        B        C        D        E       F      G
               +--------+--------+--------+--------+--------+-----+--------+
         Total |   2136 |   2074 |     62 |    134 |   1566 |   3 |  712.0 |
       Dungeon |   2136 |   2074 |     62 |    134 |   1566 |   3 |  712.0 |
               +--------+--------+--------+--------+--------+-----+--------+

Top non-repeatable levels by time:
     D:1: 890 daAuts
     D:2: 647 daAuts
     D:3: 597 daAuts
